← All builds
Pond / Cortex / Economy first / OBSERVED BUILD

Fatboy buy

Cortex Pond build order · Supreme Isthmus

Pond pays Tech heavily from before 5 minutes to get a Fatboy handed over around 5:12 and flown to front by heavy transport, fighting in the middle while Pond's own eco continues behind it.

#push #team support · 147 distinct matches · 42 players · 20% of Cortex Pond games · team won 53% of 147 · Recently observed

THE CATCH, AND WHAT COMES WITH IT
  • FatboyFatboy from Tech arrives 5:10 · 18% of role by thenTech makes it and hands it over.
  • HephaestusHeavy transport from an ally in 77%14% of all Pond games by then

Paid for by sending allies about 1,100 metal and 13,000 energy by 5:00; standard pond sends 110 metal and 10,000 energy.

Where those units first fight, in 141 games with kill data: in the middle 89%, on their own side 11%.

Those units destroy a typical 2,570 metal of enemy units by 15:00.

Then transitions into grunt (28% of army), tick (9% of army).

HOW TO PLAY IT

Key timing: Fatboy handed over by 5:10

  1. Drop tidals, mex and a bot lab while boosting wind for front.
  2. Send Tech heavy metal and energy to fund the Fatboy buy.
  3. Take the Heavy Plasma Bot 'Fatboy' handed over by Tech.
  4. Fly the Fatboy to the middle to push alongside front.
  5. Keep bot lab output of Grunt and Tick going as the real transition.

Phase by phase

TYPICAL OF ITS 147 GAMES · AGAINST STANDARD POND
  1. 1
  2. 2
PLAY THE OPENING

Follow the example game's first 6:10 step by step: what to build now, what comes next, and where it goes. At 1× it keeps pace with your own game.

  1. 1

    Up to the Bot Lab

    Economy
    • Metal Extractor4Mex
    • Tidal Generator8Tidalfor allies
    • Wind Turbine8Wind
    • Tidal Generator1Tidal
    • Energy Storage1Energy storage
    Order
    1. Bot LabBot Lab after 4 mex, 9 wind, 4 converterdone ~5:58, middle half 3:38–6:56

    Some games also: converter (45%)

    By 5:36 in all: 4 mex · 8 wind · 1 tidal · 1 energy storage

    The example game in this phase · 6 steps
    1. Tidal ×8for Front
    2. Mex
    3. Wind
    4. Mex ×2
    5. Wind ×2
    6. Bot LabBot Labdone 2:29 · typical 5:58
  2. 2

    Bot Lab to 10:00

    Some games also: wind (46%) · con turret (39%) · grunt (37%) · con bot (37%)

    The standard build makes here, this one skips: 14 wind · 2 converter

    By 10:00 in all: 4 mex · 15 wind (standard 24) · 1 tidal · 3 converter (standard 6) · 1 energy storage

    The example game in this phase · 69 steps
    1. Wind
    2. GraverobberGraverobber ×2
    3. Wind ×2
    4. Construction BotCon bot
    5. Energy storage
    6. Bot LabEat Bot Labreclaimed for its metal
    7. Converter
    8. Mex
    9. Converter ×3
    10. Bot LabBot Labnot finished by 15:00
    11. Bot LabEat Bot Labreclaimed for its metal
    12. Con turret
    13. Wind
    14. GuardGuard
    15. Wind ×3
    16. Advanced Metal ExtractorT2 mexdone 7:07 · typical 10:05
    17. Wind ×2
    18. Advanced Metal ExtractorT2 mex
    19. Wind
    20. GuardGuard
    21. Wind ×2
    22. Advanced Metal ExtractorT2 mex
    23. Wind ×3
    24. Radar TowerRadar Tower
    25. Wind ×3
    26. Advanced Metal ExtractorT2 mex
    27. Wind ×6
    28. Mex
    29. Wind
    30. GuardGuard
    31. Wind ×2
    32. ThistleThistle
    33. Bot LabBot Labdone 10:37
    34. Wind ×2
    35. LazarusLazarus
    36. Construction BotCon bot
    37. Wind
    38. LazarusLazarus
    39. Con turret
    40. Fusion ReactorFusiondone 12:47
    41. LazarusLazarus
    42. Con turret
    43. LazarusLazarus
    44. TickTick
    45. Con turret
    46. TickTick ×24
    47. T2 converter
    48. TickTick ×5
    49. PawnPawn ×4
    50. TickTick
    51. PawnPawn ×5
    52. Con turret
    53. PawnPawn
    54. Fusion ReactorFusion
    55. PawnPawn ×2
    56. Con turret
    57. PawnPawn
    58. Bot LabBot Labdone 14:15
    59. PawnPawn
    60. Con turret
    61. PawnPawn ×4
    62. Con turret
    63. PawnPawn ×5
    64. LazarusLazarus ×4
    65. PawnPawn ×15
    66. Con turret
    67. PawnPawn ×5
    68. Con turret
    69. PawnPawn ×2

Counts are medians over the build's games: half of them build more, half fewer. The example game is eL_bArToad's (32 OS, 08/08/2026); pick another.

Team trades

IN AT LEAST 30% OF ITS GAMES

You hand over

  • Tidal Generator8 Tidal to Suicide front or Frontfirst at 0:11 · in 99% of games

You get

  • Hephaestus1 Heavy transport from Air or Techfirst at 4:50 · in 77% of games
  • Fatboy1 Fatboy from Techfirst at 5:10 · in 100% of games
  • Advanced Construction Bot1 T2 con bot from Techfirst at 8:13 · in 94% of games

How it plays out

Typical game of this build against the role’s standard build, running totals by minute

  • This build
  • Standard pond

Metal produced

010k20k
0:005:0010:0015:00

metal

Enemy metal destroyed

02k4k6k
0:005:0010:0015:00

metal

Own metal lost

02k4k
0:005:0010:0015:00

metal

Metal sent to allies

01k2k
0:005:0010:0015:00

metal

Energy sent to allies

020k40k60k
0:005:0010:0015:00

metal

147 games.

Show as table
ByMetal produced: This buildMetal produced: Standard pondEnemy metal destroyed: This buildEnemy metal destroyed: Standard pondOwn metal lost: This buildOwn metal lost: Standard pondMetal sent to allies: This buildMetal sent to allies: Standard pondEnergy sent to allies: This buildEnergy sent to allies: Standard pond
1:001151150000001089995
2:0027325900000027692365
3:0081573700000047664436
4:00149514090000440073616554
5:0022432130000010991131345710268
6:0030132949000014144031857611852
7:003856382921000015294452199614303
8:00465248741065541298616224532332817340
9:0054696257201422049218916804682561721198
10:0064217661286135094164016984682780622906
11:00755898593115766145383617094682877325778
12:00900412092358411961896107517364822959527224
13:001051814534452915782405166117594823026932595
14:001247016881490818143032199518395323240637744
15:001464519361539626323375296419055483431541136
WHAT THE NUMBERS SAY

Won more often than the standard build and destroyed more enemy metal by 15:00 despite producing less metal itself.

  • + Destroyed 5282 enemy metal by 15:00 vs 3127 for the standard build.
  • + Fatboy and heavy transports line up: 79% of games get a Hephaestus by 4:39.
  • − Own metal lost by 15:00 rose to 3713 vs 3070 standard.
  • − Metal produced lagged badly at 10:00 and 15:00 (6422/14880 vs 8366/19066).
THE EXAMPLE YOU ARE READING

eL_bArToad

31.7 OS · 08/08/2026

Open source match ↗

2 received units · includes a constructor
91 metal received · 41465 energy received

Allied construction assistance is unknown. Timings are observations, not a promise of solo reproducibility.

Typical milestones

Bot Lab5:58Middle 50%: 3:38–6:56 · n=80
Advanced Metal Extractor10:05Middle 50%: 9:18–10:49 · n=138

Played most by

[Grump]Matsuri24games of this buildFrontLiner69er13games of this buildzeus_on_god11games of this buildDouglasBacon10games of this buildMischievousDragonGF8games of this build

Supporting games

Pick a game to read and play it above.

[Grump]Matsuri13/10/2026 · 40 OS↗Vaticineur13/10/2026 · 33 OS↗Vaticineur13/10/2026 · 32 OS↗[Grump]Matsuri13/10/2026 · 39 OS↗SauceDispenser13/10/2026 · 35 OS↗[Grump]Matsuri13/10/2026 · 39 OS↗SHOGVN12/10/2026 · 35 OS↗JesterB12/10/2026 · 31 OS↗eL_bArToad08/08/2026 · 32 OS↗
32 more of 139, the most recent[Grump]Matsuri12/10/2026 · 39 OS↗FrontLiner69er11/10/2026 · 33 OS↗SHOGVN10/10/2026 · 33 OS↗GazzGrim10/10/2026 · 32 OS↗[Grump]Matsuri10/10/2026 · 39 OS↗FrontLiner69er09/10/2026 · 33 OS↗[Grump]Matsuri09/10/2026 · 38 OS↗SHOGVN08/10/2026 · 34 OS↗[Grump]Matsuri08/10/2026 · 38 OS↗zeus_on_god07/10/2026 · 39 OS↗JustSomeGuy06/10/2026 · 41 OS↗JustSomeGuy06/10/2026 · 41 OS↗FrontLiner69er06/10/2026 · 32 OS↗SHOGVN06/10/2026 · 33 OS↗[Grump]Matsuri05/10/2026 · 38 OS↗s0uthy05/10/2026 · 39 OS↗zeus_on_god04/10/2026 · 38 OS↗FrontLiner69er04/10/2026 · 33 OS↗zeus_on_god04/10/2026 · 38 OS↗[Crd]HahnII03/10/2026 · 31 OS↗[Crd]HahnII03/10/2026 · 31 OS↗zeus_on_god02/10/2026 · 38 OS↗s0uthy02/10/2026 · 38 OS↗zeus_on_god02/10/2026 · 38 OS↗[Grump]Matsuri02/10/2026 · 40 OS↗enderOS101/10/2026 · 34 OS↗Boozha29/09/2026 · 33 OS↗enderOS129/09/2026 · 34 OS↗FrontLiner69er29/09/2026 · 32 OS↗FrontLiner69er29/09/2026 · 32 OS↗FrontLiner69er29/09/2026 · 32 OS↗enderOS128/09/2026 · 33 OS↗
Supreme Isthmus v2.1
Beyond All Reason test-30903-2990072
Naval balance tweaks off